 Dungeon Crawl Stone Soup version 0.19.1 (webtiles) character file.

481 JeffiDaFish the Shield-Bearer (level 7, -4/45 HPs)
             Began as a Gargoyle Fighter on Dec 19, 2016.
             Slain by Bopaloobop's ghost (9 damage)
             ... on level 4 of the Dungeon.
             The game lasted 00:06:40 (3258 turns).

JeffiDaFish the Shield-Bearer (Gargoyle Fighter)    Turns: 3258, Time: 00:06:41

Health: -4/45      AC: 15    Str: 19    XL:     7   Next: 12%
Magic:  7/7        EV:  6    Int:  9    God:
Gold:   195        SH: 10    Dex: 11    Spells: 0 memorised, 6 levels left

rFire  . . .     SeeInvis .     a - +0 flail
rCold  . . .     Gourm    .     e - +0 plate armour
rNeg   + . .     Faith    .     c - +0 shield
rPois  ∞         Spirit   .     l - +1 helmet
rElec  +         Reflect  .     (no cloak)
rCorr  .         Harm     .     (no gloves)
MR     .....                    (no boots)
Stlth  ..........               p - amulet of rage
                                (no ring)
                                (no ring)

@: no status effects
A: repulsion field 1, rugged brown scales 1, deformed body, negative energy
resistance 1, electricity resistance, unbreathing, petrification resistance, rot
immunity, AC +4
a: Evoke Berserk Rage


You were on level 4 of the Dungeon.
You were not hungry.

You visited 1 branch of the dungeon, and saw 4 of its levels.

You collected 285 gold pieces.
You spent 90 gold pieces at shops.

Inventory:

Hand Weapons
 a - a +0 flail (weapon)
Armour
 c - a +0 shield (worn)
 e - a +0 plate armour (worn)
 l - a +1 helmet (worn)
Jewellery
 p - an amulet of rage (around neck)
Scrolls
 b - 3 scrolls of identify
 d - 2 scrolls of remove curse
 j - a scroll of amnesia
Potions
 k - 2 potions of resistance
 n - 2 potions of invisibility
Comestibles
 f - 3 bread rations
 g - 3 chunks of flesh
 h - 2 meat rations
 i - a royal jelly
 m - a beef jerky


   Skills:
 + Level 4.4 Fighting
 + Level 4.8 Maces & Flails
 + Level 4.4 Armour
 + Level 0.5 Dodging
 + Level 5.4 Shields


You had 6 spell levels left.
You didn't know any spells.

Dungeon Overview and Level Annotations

Branches:
Dungeon (4/15)
 Temple: D:4-7

Altars:
Kikubaaqudgha

Shops:
D:4 ?

Annotations:
D:4 Bopaloobop's ghost, amateur MiBe


Innate Abilities, Weirdness & Mutations

You are resistant to torment.
Your stone body is resilient. (AC +4)
You are immune to poison.
You resist negative energy. (rN+)
You are resistant to electric shocks. (rElec)
You can survive without breathing.
You are immune to petrification.
You are immune to rotting.
You are surrounded by a mild repulsion field. (EV +2)
You are partially covered in rugged brown scales. (AC +1, +3% HP)
Armour fits poorly on your strangely shaped body.


Message History

You are too injured to fight recklessly!
You sock Bopaloobop's ghost!
Bopaloobop's ghost is almost destroyed.
Bopaloobop's ghost hits you but does no damage.
Your plate armour prevents you from hitting Bopaloobop's ghost.
Bopaloobop's ghost is almost destroyed.
Bopaloobop's ghost barely misses you.
You hit Bopaloobop's ghost.
Bopaloobop's ghost is almost destroyed.
Bopaloobop's ghost hits you but does no damage.
You closely miss Bopaloobop's ghost.
Bopaloobop's ghost is almost destroyed.
Bopaloobop's ghost hits you but does no damage.
You closely miss Bopaloobop's ghost.
Bopaloobop's ghost is almost destroyed.
You block Bopaloobop's ghost's attack.
You closely miss Bopaloobop's ghost.
Bopaloobop's ghost is almost destroyed.
Bopaloobop's ghost hits you!
You die...

## ... ....... #...
....... ## ####....... #
..+....... # #.........
# .# #.#....<.. ## ..#
#..W...... .##..##
#.@....... ........#
#..#####.. .#...##.##
###..#!)$#..
.#.#..#...###....#)!!#..
............'....#=)$#..
.....<####.##....#####..
.###.......##...........
.#!#.....#####'.........
.###.........#.#########


You could see Bopaloobop's ghost.

Vanquished Creatures
  Sigmund (D:3)
  The ghost of Alethiolet the Ruffian, an amateur TrWn of Qazlal (D:3)
  An orc priest (D:3)
  2 orc wizards (D:3)
  Robin (D:3)
  3 gnolls (D:2)
  An adder (D:2)
  2 adder skeletons (D:4)
  A worm (D:4)
  A dart slug (D:4)
  4 leopard geckos
  12 orcs
  6 bats
  A bat zombie (D:3)
  3 giant cockroaches
  9 goblins
  5 hobgoblins
  6 jackals
  6 quokkas
  4 frilled lizards
  5 kobolds
  7 rats
  A rat zombie (D:3)
83 creatures vanquished.

Notes
Turn   | Place    | Note
-------+----------+-------------------------------------------
     0 | D:1      | JeffiDaFish the Gargoyle Fighter began the quest for the Orb.
     0 | D:1      | Reached XP level 1. HP: 14/14 MP: 1/1
    25 | D:1      | Gained mutation: Armour fits poorly on your strangely shaped body. [potion of mutation]
    25 | D:1      | Gained mutation: You are surrounded by a mild repulsion field. (EV +2) [potion of mutation]
    25 | D:1      | Gained mutation: You are partially covered in rugged brown scales. (AC +1, +3% HP) [potion of mutation]
   453 | D:1      | Reached XP level 2. HP: 19/19 MP: 2/2
   912 | D:2      | Reached XP level 3. HP: 15/23 MP: 3/3
  1293 | D:2      | Found a faded altar of an unknown god.
  1333 | D:2      | Reached skill level 4 in Shields
  1348 | D:2      | Reached XP level 4. HP: 23/29 MP: 4/4
  1807 | D:3      | Noticed Robin
  1851 | D:3      | Killed Robin
  1981 | D:3      | Noticed Sigmund
  1993 | D:3      | Killed Sigmund
  1993 | D:3      | Reached skill level 5 in Shields
  1993 | D:3      | Reached XP level 5. HP: 13/33 MP: 5/5
  1993 | D:3      | Reached XP level 6. HP: 16/39 MP: 6/6
  2228 | D:3      | Noticed Alethiolet's ghost (amateur TrWn)
  2238 | D:3      | Killed Alethiolet's ghost
  2771 | D:3      | Reached XP level 7. HP: 41/45 MP: 7/7
  2915 | D:3      | Found an ancient bone altar of Kikubaaqudgha.
  3066 | D:4      | Found Homawnoa's Magic Scroll Shop.
  3071 | D:4      | Bought a scroll of enchant armour for 90 gold pieces
  3236 | D:4      | Noticed Bopaloobop's ghost (amateur MiBe)
  3258 | D:4      | Slain by Bopaloobop's ghost

Skill      XL: |  1  2  3  4  5  6 |
---------------+-------------------+-----
Shields        | 4 5 |  5.4
Fighting       | 4 |  4.4
Maces & Flails | 3 4 |  4.8
Armour         | 4 |  4.4
Dodging        | |  0.5

Action                   |  1- 3 |  4- 6 |  7- 9 || total
-------------------------+-------+-------+-------++-------
Melee: Flail             |   147 |   195 |    70 ||   412
  Use: Potion            |     8 |     1 |     1 ||    10
       Scroll            |     5 |     3 |     2 ||    10
  Eat: Chunk             |     2 |     5 |     2 ||     9
Armor: Scale mail        |    48 |       |       ||    48
       Plate armour      |    35 |   115 |    39 ||   189
Dodge: Dodged            |    52 |    51 |     9 ||   112
Block: Shield            |    92 |   110 |    34 ||   236
